[Event "*** Titled Tuesday 3|2 Blitz (Early)"]
[Site "Chess.com"]
[Date "2016.11.01"]
[Round "2"]
[White "dhanushbharadwaj"]
[Black "platy3"]
[Result "0-1"]
[WhiteElo "2291"]
[BlackElo "2682"]
[TimeControl "180+2"]
[EndTime "11:18:25 PDT"]
[Termination "platy3 won by resignation"]

1. Nf3 Nf6 2. c4 e6 3. g3 d5 4. b3 Be7 5. Bg2 O-O 6. O-O c5 7. d3 Nc6 8. e3 d4 9. exd4 cxd4 10. Bf4 Nd7 11. Re1 Nc5 12. Ne5 Nxe5 13. Bxe5 f6 14. Bf4 e5 15. Bc1 a5 16. Ba3 Qc7 17. Qc2 Bf5 18.
Bxc5 Bxc5 19. Nd2 Bb4 20. Red1 Rfd8 21. Rac1 Ra6 22. c5 Bc3 23. Nb1 Qxc5 24. Nxc3 dxc3 25.
Qxc3 Qxc3 26. Rxc3 b5 27. Rc5 Rxd3 28. Rdc1 Rad6 29. h3 Rd1+ 30. Rxd1 Rxd1+ 31. Kh2 Rd2 32. Rxb5 Rxf2 33. Kg1 Rxa2 34. Rb7 Rxg2+ 0-1

[Event "*** Titled Tuesday 3|2 Blitz (Early)"]
[Site "Chess.com"]
[Date "2016.11.01"]
[Round "2"]
[White "Taabling"]
[Black "Shivagami"]
[Result "1-0"]
[WhiteElo "2066"]
[BlackElo "2011"]
[TimeControl "180+2"]
[EndTime "11:18:29 PDT"]
[Termination "Taabling won by resignation"]

1. c4 c5 2. g3 g6 3. Bg2 Bg7 4. Nc3 Nc6 5. a3 d6 6. Rb1 a6 7. b4 e5 8. bxc5 dxc5 9. d3 Nge7 10. Bd2 O-O 11. Nf3 Qc7 12. O-O Bd7 13. Qc1 Rad8 14.
Re1 Be6 15. Bh6 Nf5 16. Bxg7 Kxg7 17. Qb2 Rd7 18. Ne4 Qa5 19. Nxe5 Nxe5 20. Qxe5+ Kg8 21. Nf6+ 1-0

[Event "*** Titled Tuesday 3|2 Blitz (Early)"]
[Site "Chess.com"]
[Date "2016.11.01"]
[Round "2"]
[White "MateusViageiro"]
[Black "jk13"]
[Result "0-1"]
[WhiteElo "2301"]
[BlackElo "2467"]
[TimeControl "180+2"]
[EndTime "11:18:41 PDT"]
[Termination "jk13 won by resignation"]

1. e4 e5 2. Nf3 Nc6 3. Bb5 Nf6 4. Bxc6 dxc6 5. d3 Bd6 6. Nbd2 Be6 7. Qe2 c5 8. Nc4 Nd7 9. Ne3 O-O 10. Bd2 Nb8 11. g4 Nc6 12. h4 Nd4 13. Nxd4 cxd4 14. Nf5 Qd7 15. h5 Rfe8 16. Qf3 Bf8 17. g5 Bxf5 18. exf5 e4 19. dxe4 Rxe4+ 20. Qxe4 Re8 21. Qxe8 Qxe8+ 22. Kd1 Qe4 23. Re1 Qxf5 24. Re2 Qg4 25. h6 g6 26.
Be1 Qxg5 27. Bd2 Qh5 28. Bf4 c5 29. Kd2 Bxh6 30. Bxh6 Qxh6+ 31. Kd3 Qh5 32. Rae1 Qf3+ 33.
Kc4 Qc6 34. b3 b5+ 35. Kd3 Qf3+ 36. Kd2 h5 37. Re7 h4 38. Rxa7 h3 39. Ree7 h2 40.
Re8+ Kg7 0-1

[Event "*** Titled Tuesday 3|2 Blitz (Early)"]
[Site "Chess.com"]
[Date "2016.11.01"]
[Round "2"]
[White "MFBerna"]
[Black "metalbattler"]
[Result "1-0"]
[WhiteElo "2175"]
[BlackElo "1994"]
[TimeControl "180+2"]
[EndTime "11:18:46 PDT"]
[Termination "MFBerna won by resignation"]

1. e4 d5 2. exd5 Nf6 3. d4 Bg4 4. Nf3 Qxd5 5. Nc3 Bxf3 6. Nxd5 Bxd1 7. Nxf6+ gxf6 8. Kxd1 e6 9. c3 h5 10. Bb5+ c6 11.
Be2 Bh6 12. Kc2 Nd7 13. Bxh6 Rxh6 14. Rad1 Ke7 15. Rd3 h4 16. c4 Rg8 17. Bf3 e5 18. Re1 h3 19. g3 Rg5 20. Rb3 Rf5 21.
Re2 Kd8 22. Be4 Rg5 23. Rxb7 exd4 24. Bxc6 Ne5 25. Be4 a5 26. f4 Rg7 27. fxe5 fxe5 28. Bf5 Rf6 29. Rd7+ Ke8 30. Rxe5+ 1-0

[Event "*** Titled Tuesday 3|2 Blitz (Early)"]
[Site "Chess.com"]
[Date "2016.11.01"]
[Round "2"]
[White "Sanan_Sjugirov"]
[Black "ftorodent"]
[Result "1-0"]
[WhiteElo "2695"]
[BlackElo "2512"]
[TimeControl "180+2"]
[EndTime "11:18:48 PDT"]
[Termination "Sanan_Sjugirov won by resignation"]

1. d4 d5 2. c4 e6 3. Nc3 Be7 4. Nf3 Nf6 5. Bf4 O-O 6. e3 Nbd7 7. c5 c6 8. Bd3 b6 9. b4 a5 10. a3 Bb7 11. h3 Qc8 12. O-O Ba6 13. Bxa6 Rxa6 14.
Qc2 Qb7 15. Rab1 axb4 16. axb4 Rfa8 17. Nd2 Bd8 18. Nb3 Bc7 19. Rb2 h6 20. Rfb1 Qc8 21. b5 cxb5 22. c6 Nb8 23. Bxc7 Qxc7 24. Nxb5 Qe7 25. c7 1-0

[Event "*** Titled Tuesday 3|2 Blitz (Early)"]
[Site "Chess.com"]
[Date "2016.11.01"]
[Round "2"]
[White "Chopper1905"]
[Black "IIIlllII1llIl"]
[Result "0-1"]
[WhiteElo "2561"]
[BlackElo "2523"]
[TimeControl "180+2"]
[EndTime "11:19:31 PDT"]
[Termination "IIIlllII1llIl won by resignation"]

1. e4 e5 2. Nf3 Nc6 3. Bb5 Nf6 4.
d3 d6 5. c4 Be7 6. O-O O-O 7. Nc3 Bg4 8. h3 Bxf3 9. Qxf3 Nd4 10. Qd1 Nxb5 11. cxb5 a6 12. d4 axb5 13. Nxb5 Nxe4 14.
Re1 c6 15. Rxe4 cxb5 16. d5 Qd7 17. a3 f5 18. Rb4 Ra4 19. Bd2 Rc8 20. b3 Rxb4 21.
Bxb4 Bg5 22. Qe2 e4 23. Rd1 Bf4 24. g3 Be5 25. Kg2 Qe8 26. h4 h5 27. Re1 Qg6 28.
Rd1 f4 29. Qxb5 fxg3 30. Qd7 gxf2+ 31. Kh1 Rf8 0-1

[Event "*** Titled Tuesday 3|2 Blitz (Early)"]
[Site "Chess.com"]
[Date "2016.11.01"]
[Round "2"]
[White "PaulfromSPb"]
[Black "Wilsonpalencia"]
[Result "1-0"]
[WhiteElo "2418"]
[BlackElo "2202"]
[TimeControl "180+2"]
[EndTime "11:19:39 PDT"]
[Termination "PaulfromSPb won on time"]

1. e4 c5 2. Ne2 g6 3. g3 Bg7 4.
Bg2 Nc6 5. c3 e5 6. O-O Nge7 7.
Na3 O-O 8. d3 d6 9. h3 Be6 10.
Nc4 b6 11. a4 Qd7 12. Kh2 d5 13. Ne3 Rad8 14. Qc2 f5 15. exd5 Nxd5 16. Nxd5 Bxd5 17. f3 f4 18. g4 Be6 19. Rd1 Qf7 20. Ra3 Na5 21. c4 Nc6 22. Bd2 Qd7 23. Bf1 1-0

[Event "*** Titled Tuesday 3|2 Blitz (Early)"]
[Site "Chess.com"]
[Date "2016.11.01"]
[Round "2"]
[White "darsen_sanzhaev"]
[Black "TheSovietChess"]
[Result "0-1"]
[WhiteElo "2243"]
[BlackElo "2508"]
[TimeControl "180+2"]
[EndTime "11:19:48 PDT"]
[Termination "TheSovietChess won by resignation"]

1. d4 Nf6 2. c4 g6 3. Nc3 Bg7 4.
e4 d6 5. h3 O-O 6. Be3 Nbd7 7.
Bd3 Re8 8. Nge2 e5 9. d5 b6 10. g4 Nc5 11. Bc2 Bd7 12. Ng3 h6 13. Qd2 a5 14. Bxh6 Bxh6 15. Qxh6 Qe7 16. f3 a4 17. h4 Bxg4 18. fxg4 Nxg4 19. Qg5 Qxg5 20. hxg5 Ne3 21.
Kd2 Nxc4+ 22. Ke2 Nxb2 23. Rh2 Kg7 24. Rf1 Rh8 25. Rfh1 Rxh2+ 26. Rxh2 Rh8 27. Rxh8 Kxh8 28. Nb5 Na6 29. Nf1 Nb4 30. Bxa4 Nxa4 31. a3 Na6 32. Ne3 N4c5 33. Nc3 Nb3 34. Ng4 Nd4+ 35. Kd3 Nf3 36. Nf6 Kg7 37. Nb5 Nxg5 38. Ne8+ Kf8 39. Nexc7 Nc5+ 40. Ke3 Ncxe4 41. Na8 f5 42. Nxb6 f4+ 43. Kd3 f3 44.
Nc8 f2 45. Ke2 Nh3 0-1

[Event "*** Titled Tuesday 3|2 Blitz (Early)"]
[Site "Chess.com"]
[Date "2016.11.01"]
[Round "2"]
[White "Quiet_Desperation"]
[Black "yurisolo"]
[Result "0-1"]
[WhiteElo "2301"]
[BlackElo "2525"]
[TimeControl "180+2"]
[EndTime "11:20:03 PDT"]
[Termination "yurisolo won by resignation"]

1. e4 c5 2. Nf3 e6 3. d4 cxd4 4. Nxd4 Nc6 5. Nc3 d6 6. Be3 Nf6 7. Bd3 Be7 8. O-O O-O 9. Nb3 Ne5 10. h3 Nxd3 11. cxd3 e5 12. f4 exf4 13. Rxf4 Be6 14. Rf1 d5 15. e5 Nd7 16. d4 Rc8 17. Rc1 f6 18. Re1 Re8 19. Bf4 Kh8 20. Qf3 fxe5 21. dxe5 Rf8 22. Qg3 Bh4 23. Qe3 Bxe1 24. Rxe1 Nb6 25.
Nd4 Qd7 26. Ncb5 a6 27. Nd6 Nc4 28. Nxc4 dxc4 29. Nxe6 Qxe6 30. Rd1 Rcd8 31. Rd4 Rxd4 32. Qxd4 b5 33. Bd2 Qf5 34. Qd6 Re8 35. Bc3 Qe6 36.
Qxe6 Rxe6 37. Kf2 Kg8 38. Ke3 Kf7 39. Kd4 Rg6 40. g4 Rh6 41. Kd5 Rxh3 42. e6+ Kf8 43.
Kc6 Ke7 44. Kb6 g6 45. Kxa6 h5 46. gxh5 Rxh5 47. Kb6 Kxe6 0-1

[Event "*** Titled Tuesday 3|2 Blitz (Early)"]
[Site "Chess.com"]
[Date "2016.11.01"]
[Round "2"]
[White "TheCount"]
[Black "AdrianaNikolova"]
[Result "1-0"]
[WhiteElo "2431"]
[BlackElo "2251"]
[TimeControl "180+2"]
[EndTime "11:20:22 PDT"]
[Termination "TheCount won by resignation"]

1. d4 d6 2. c4 c6 3. Nf3 Qc7 4.
Nc3 e5 5. Bg5 Be7 6. Qd2 Nf6 7.
e4 O-O 8. Be2 Bg4 9. h3 Bxf3 10.
Bxf3 Nbd7 11. O-O Rad8 12. Rfe1 Rfe8 13. Rad1 Nf8 14. Be3 Ng6 15. g3 a6 16. Bg2 b5 17.
b3 Bf8 18. d5 b4 19. Na4 c5 20.
Nb2 a5 21. Nd3 Nd7 22. f4 Nb6 23. Qf2 a4 24. h4 axb3 25. axb3 Ra8 26. h5 exf4 27.
gxf4 Ne7 28. h6 g6 29. f5 Ra3 30. Rb1 Rea8 31. fxg6 Nxg6 32. Nf4 Ra2 33. Qg3 Qe7 34. Nxg6 fxg6 35. Bh3 Qxe4 36. Be6+ Kh8 37. Bxc5 Qc2 38. Bd4+ 1-0

[Event "*** Titled Tuesday 3|2 Blitz (Early)"]
[Site "Chess.com"]
[Date "2016.11.01"]
[Round "2"]
[White "Mbneu"]
[Black "GremioPrudente"]
[Result "1-0"]
[WhiteElo "2130"]
[BlackElo "2028"]
[TimeControl "180+2"]
[EndTime "11:20:28 PDT"]
[Termination "Mbneu won on time"]

1. d4 d5 2. c4 c6 3. Nc3 e6 4.
e4 dxe4 5. Nxe4 Nd7 6. Nf3 Ngf6 7. Bd3 Nxe4 8. Bxe4 Nf6 9. Bc2 Bb4+ 10. Bd2 Bxd2+ 11. Qxd2 O-O 12. O-O b6 13. Rfd1 Bb7 14. Qd3 g6 15. Ne5 Qd6 16. Qh3 Kg7 17. Rd3 c5 18. Ng4 Nxg4 19.
Qxg4 Rad8 20. Rad1 Qe7 21. h4 Rxd4 22. Rxd4 cxd4 23.
Rxd4 Rd8 24. h5 Rxd4 25. Qxd4+ e5 26. Qe3 Qc5 27. h6+ Kg8 28. Qg5 Qf8 29. Bb3 f6 30.
Qd2 Kh8 31. Qd7 Ba8 32. c5 bxc5 33. Qxa7 f5 34. Qc7 1-0

[Event "*** Titled Tuesday 3|2 Blitz (Early)"]
[Site "Chess.com"]
[Date "2016.11.01"]
[Round "2"]
[White "maciek_92"]
[Black "Evgeny_Levin"]
[Result "0-1"]
[WhiteElo "2545"]
[BlackElo "2689"]
[TimeControl "180+2"]
[EndTime "11:20:31 PDT"]
[Termination "Evgeny_Levin won by resignation"]

1. c4 e5 2. Nc3 Nf6 3. g3 Bb4 4. Bg2 O-O 5. Nf3 Re8 6. O-O e4 7. Ng5 Bxc3 8. bxc3 Nc6 9. d3 exd3 10. exd3 d6 11.
h3 h6 12. Nf3 d5 13. cxd5 Nxd5 14. Bb2 Bf5 15. Nh4 Be6 16. Qh5 Nf6 17. Qb5 Rb8 18.
Rad1 Qd7 19. Kh2 Bd5 20. c4 Bxg2 21. Kxg2 Nh7 22. Qh5 Ng5 23. Nf3 Re2 24. Bxg7 Kxg7 25. Nxg5 Re5 26. f4 Ra5 27. d4 hxg5 28. d5 Rh8 29.
Qxg5+ Kf8 30. dxc6 Qxh3+ 31. Kf2 Rxg5 32. cxb7 Qxg3+ 0-1

[Event "*** Titled Tuesday 3|2 Blitz (Early)"]
[Site "Chess.com"]
[Date "2016.11.01"]
[Round "2"]
[White "Drags95"]
[Black "Makalexa"]
[Result "1-0"]
[WhiteElo "2426"]
[BlackElo "2213"]
[TimeControl "180+2"]
[EndTime "11:20:41 PDT"]
[Termination "Drags95 won by resignation"]

1. d4 Nf6 2. c4 g6 3. Nc3 Bg7 4. e4 d6 5. Nf3 O-O 6. Be2 Nc6 7. O-O e5 8. d5 Ne7 9. b4 a5 10. bxa5 Nd7 11. a4 f5 12. Ba3 Nf6 13. Nd2 Bh6 14. c5 Kh8 15. Nc4 Nxe4 16. Nxe4 fxe4 17. cxd6 cxd6 18.
Bxd6 Ra6 19. Bxe5+ Bg7 20. Qd4 Bxe5 21. Qxe5+ Raf6 22. Rad1 Kg8 23. Qxe4 Nf5 24. Ne5 Qe7 25. Bf3 Nd6 26. Qe2 Bf5 27. Rfe1 Be4 28. Ng4 Rxf3 29.
gxf3 Rxf3 30. Qxf3 Bxf3 31. Rxe7 Bxg4 32. Rc1 1-0

[Event "*** Titled Tuesday 3|2 Blitz (Early)"]
[Site "Chess.com"]
[Date "2016.11.01"]
[Round "2"]
[White "howitzer14"]
[Black "Gabrielian_Artur"]
[Result "1-0"]
[WhiteElo "2764"]
[BlackElo "2538"]
[TimeControl "180+2"]
[EndTime "11:20:43 PDT"]
[Termination "howitzer14 won by resignation"]

1. e4 c5 2. c3 Nf6 3. e5 Nd5 4.
Nf3 d6 5. Bc4 e6 6. d4 cxd4 7.
cxd4 Be7 8. O-O O-O 9. Re1 b6 10. Bxd5 exd5 11. Nc3 Be6 12. Bf4 Nc6 13. Rc1 Rc8 14. Nb5 dxe5 15. dxe5 Qd7 16. Nd6 Rc7 17. Nb5 Rcc8 18. Nd6 Rc7 19. h3 Rd8 20. Nb5 Rcc8 21. Nd6 Rc7 22. Qd3 Nxe5 23. Nxe5 Qxd6 24. Rxc7 Qxc7 25.
Nxf7 Qxf4 26. Nxd8 Bxd8 27. Rxe6 Qc1+ 28. Qf1 Qc8 29. Rd6 Bf6 30. Rxd5 Bxb2 31. g3 h6 32. Qd3 Bf6 33. Kg2 a5 34. Rd6 Qb8 35. a4 Kh8 36.
Qd5 Qe8 37. Rxb6 Qxa4 38. Rb8+ Kh7 39. Qf5+ g6 40. Qxf6 Qe4+ 41. Qf3 1-0

[Event "*** Titled Tuesday 3|2 Blitz (Early)"]
[Site "Chess.com"]
[Date "2016.11.01"]
[Round "2"]
[White "Izoria123"]
[Black "AkshatChandra"]
[Result "1-0"]
[WhiteElo "2576"]
[BlackElo "2589"]
[TimeControl "180+2"]
[EndTime "11:20:49 PDT"]
[Termination "Izoria123 won on time"]

1. Nf3 d5 2. d4 Nf6 3. c4 dxc4 4.
e3 b5 5. a4 b4 6. Bxc4 e6 7.
O-O Be7 8. Nbd2 Bb7 9. Qe2 O-O 10.
e4 c5 11. dxc5 Nbd7 12. e5 Nd5 13. Nb3 Nxc5 14. Nxc5 Bxc5 15. Bd3 Ne7 16. Rd1 Qc7 17. Bxh7+ Kxh7 18. Ng5+ Kg8 19. Qh5 Bxf2+ 20. Kxf2 Qc2+ 21. Bd2 Qf5+ 22. Kg1 f6 23. Rf1 Qd3 24. exf6 gxf6 25. Nxe6 Qxd2 26. Qg4+ Kf7 27. Qg7+ Ke8 28. Qxf8+ Kd7 29.
Rad1 1-0

[Event "*** Titled Tuesday 3|2 Blitz (Early)"]
[Site "Chess.com"]
[Date "2016.11.01"]
[Round "2"]
[White "Cayse"]
[Black "VSERGUEI"]
[Result "1-0"]
[WhiteElo "2602"]
[BlackElo "2563"]
[TimeControl "180+2"]
[EndTime "11:20:51 PDT"]
[Termination "Cayse won by checkmate"]

1. e4 e6 2. d4 d5 3. Nc3 Nf6 4. e5 Nfd7 5. f4 c5 6. Nf3 Nc6 7. Be3 Qb6 8. Na4 Qa5+ 9. c3 b6 10. Bd2 c4 11. b4 Qa6 12. Nb2 b5 13. a4 Be7 14. Be2 O-O 15. O-O f5 16. exf6 Nxf6 17.
Ne5 Ne4 18. Qc2 Nxe5 19. fxe5 Rxf1+ 20. Rxf1 Bd7 21. a5 Be8 22. Nd1 Bg6 23. Qc1 Rf8 24. Rxf8+ Bxf8 25. Be3 Qb7 26. Nf2 Qf7 27. Bg4 Nxf2 28.
Bxf2 Bf5 29. Bf3 Qg6 30. Bh4 Be4 31. Qf4 Bxf3 32. Qxf3 Qb1+ 33. Kf2 h6 34. h3 a6 35. Bd8 Bxb4 36. cxb4 Qxb4 37. Kg3 c3 38. Qg4 Kf7 39. Qh5+ Kf8 40. Qd1 Qb2 41. Qf3+ Ke8 42. Bc7 c2 43. Bd6 c1=Q 44. Qf8+ Kd7 45. Qe7+ Kc8 46. Qe8+ Kb7 47. Qb8+ Kc6 48. Qc7# 1-0

[Event "*** Titled Tuesday 3|2 Blitz (Early)"]
[Site "Chess.com"]
[Date "2016.11.01"]
[Round "2"]
[White "Dlugy"]
[Black "superjem123"]
[Result "1-0"]
[WhiteElo "2595"]
[BlackElo "2492"]
[TimeControl "180+2"]
[EndTime "11:20:55 PDT"]
[Termination "Dlugy won by resignation"]

1. d4 Nf6 2. Bf4 d5 3. e3 c5 4. dxc5 Nc6 5. Bb5 e6 6. b4 Ne4 7. Nf3 a5 8. c3 axb4 9. cxb4 Bd7 10. Bxc6 bxc6 11. O-O Be7 12. Be5 Bf6 13. Nbd2 Nxd2 14.
Qxd2 Ra3 15. Qb2 Bxe5 16. Nxe5 Qa8 17. Nxd7 Kxd7 18. Qxg7 Ke7 19. Qg5+ Kd7 20. Qf4 Qf8 21. b5 cxb5 22. c6+ Kc8 23. Rab1 Ra4 24. Qe5 b4 25. Rfc1 Rg8 26. g3 Qe7 27. Qd4 Qa7 28. Qh4 f5 29.
Qf6 Re8 30. c7 Ra6 31. Rxb4 Rb6 32. Qf7 Rh8 33. a3 h5 34. Rcb1 Rxb4 35. Rxb4 Qxc7 36.
Qxe6+ Qd7 37. Rb8+ Kc7 38. Rb7+ 1-0

[Event "*** Titled Tuesday 3|2 Blitz (Early)"]
[Site "Chess.com"]
[Date "2016.11.01"]
[Round "2"]
[White "NDePinEsPeRG"]
[Black "KestutisLabeckas"]
[Result "1-0"]
[WhiteElo "2631"]
[BlackElo "2497"]
[TimeControl "180+2"]
[EndTime "11:21:02 PDT"]
[Termination "NDePinEsPeRG won by resignation"]

1. e4 e6 2. d4 d5 3. Nc3 dxe4 4. Nxe4 Nd7 5. Nf3 Ngf6 6. Bd3 Be7 7. c3 O-O 8. Qe2 b6 9. Bf4 Bb7 10. O-O-O Nxe4 11. Bxe4 Bxe4 12. Qxe4 Nf6 13. Qc6 Nd5 14. Bg3 Qe8 15. Ne5 Bd6 16. Rhe1 Bxe5 17. Qxe8 Rfxe8 18. Bxe5 Rac8 19. Kc2 c5 20. dxc5 Rxc5 21. Bd4 Rc6 22. a4 f6 23. Kb3 Kf7 24. c4 Ne7 25. Bc3 Rec8 26. Rd7 R8c7 27. Rxc7 Rxc7 28. a5 bxa5 29. Bxa5 Rb7+ 30. Kc3 Nc6 31. Ra1 e5 32. b4 Ke6 33. b5 Nd4 34. Bb4 Rc7 35. Kd3 Rd7 36. Ra6+ Kf5 37. Rd6 Rb7 38. Bc5 Ne6 39. Be3 Nf8 40. Kc3 Nd7 41. Kb4 e4 42. c5 Ne5 43.
c6 Rc7 44. Bd4 Nd3+ 45. Ka5 Nf4 46. Rd7 Rc8 47. g3 Ne6 48. Bxa7 1-0

[Event "*** Titled Tuesday 3|2 Blitz (Early)"]
[Site "Chess.com"]
[Date "2016.11.01"]
[Round "2"]
[White "avto24"]
[Black "Aygehovit1992"]
[Result "0-1"]
[WhiteElo "2320"]
[BlackElo "2422"]
[TimeControl "180+2"]
[EndTime "11:21:02 PDT"]
[Termination "Aygehovit1992 won by resignation"]

1. e4 d6 2. d4 g6 3. c4 a6 4. Nc3 Bg7 5. Be3 Nc6 6. Qd2 e5 7. d5 Nd4 8. Nge2 Nxe2 9. Bxe2 f5 10. f4 exf4 11. Bxf4 Nf6 12. e5 dxe5 13. Bxe5 O-O 14. O-O Ne4 15. Nxe4 Bxe5 16. Ng5 Qf6 17. Bf3 Bxb2 18.
Rab1 Bd4+ 19. Kh1 Rb8 20. Ne6 Bxe6 21. dxe6 Be5 22. Rxb7 Rxb7 23. Bxb7 Qh4 24. g3 Bxg3 25. e7 Re8 26. Bd5+ Kg7 27. Qc3+ Qf6 28. Qxf6+ Kxf6 29.
hxg3 Rxe7 30. Rf3 Kg5 31. Ra3 Kg4 32. Kg2 Re2+ 33. Kf1 Rb2 34. Bg8 h5 35. Rxa6 g5 36. Be6 Kxg3 37. Bxf5 Rf2+ 38. Kg1 Rxf5 39. a4 g4 40. a5 h4 41. Re6 Rxa5 42. Re3+ Kf4 0-1

[Event "*** Titled Tuesday 3|2 Blitz (Early)"]
[Site "Chess.com"]
[Date "2016.11.01"]
[Round "2"]
[White "saraswathii"]
[Black "visa"]
[Result "0-1"]
[WhiteElo "2141"]
[BlackElo "2132"]
[TimeControl "180+2"]
[EndTime "11:21:04 PDT"]
[Termination "visa won by resignation"]

1. e4 d6 2. d3 Nf6 3. Nf3 g6 4. g3 Bg7 5. Bg2 O-O 6. O-O c6 7.
h3 b5 8. c3 Nbd7 9. Qe2 e5 10.
Nbd2 a5 11. Re1 Ba6 12. a3 b4 13.
Nf1 bxc3 14. bxc3 Nc5 15. c4 Nb3 16. Rb1 Nxc1 17. Rexc1 Nd7 18. N1d2 Re8 19. Rb2 Nc5 20. Nb3 Na4 21. Rbb1 d5 22. cxd5 cxd5 23. exd5 e4 24. Ne1 Nc3 25. Rxc3 Bxc3 26. Qa2 exd3 27. Nf3 Qxd5 28. Nfd2 Qe6 29. Ne4 Rac8 30. Rc1 Bg7 31. Nec5 Rxc5 32. Rxc5 Qe1+ 33. Kh2 Re2 34. Nd2 Qxf2 35.
Qd5 Rxd2 36. Rxa5 Qxg2+ 37. Qxg2 Rxg2+ 38. Kxg2 d2 39. Rxa6 d1=Q 40. Rb6 Qe2+ 41. Kh1 Qe1+ 0-1

[Event "*** Titled Tuesday 3|2 Blitz (Early)"]
[Site "Chess.com"]
[Date "2016.11.01"]
[Round "2"]
[White "E-Shaposhnikov"]
[Black "Peroncio"]
[Result "1-0"]
[WhiteElo "2704"]
[BlackElo "2542"]
[TimeControl "180+2"]
[EndTime "11:21:06 PDT"]
[Termination "E-Shaposhnikov won by resignation"]

1. Nf3 Nf6 2. c4 g6 3. Nc3 Bg7 4. e4 d6 5. d4 O-O 6. Be2 c5 7. O-O cxd4 8. Nxd4 Nc6 9. Be3 Nxd4 10. Bxd4 Bd7 11.
Rc1 Bc6 12. f3 Nd7 13. Bf2 a5 14. Qd2 Nc5 15. Rfd1 Be5 16. b3 e6 17. Nb5 Bxb5 18.
cxb5 Qf6 19. Be3 Qe7 20. f4 Bg7 21. e5 Ne4 22. exd6 Qf6 23. Qd3 Nc3 24. Rxc3 Qxc3 25. Qxc3 Bxc3 26. Bf3 Rab8 27. Ba7 Ra8 28. Bb6 Bf6 29.
Bc7 Bd8 30. b6 a4 31. Bxb7 Ra5 32. Bc6 axb3 33. axb3 Ra3 34. Rb1 Bf6 35. b7 Bd4+ 36. Kf1 Ba7 37. d7 Bb8 38. d8=Q Rxd8 39. Bxd8 Ra6 40.
Rc1 Bxf4 41. g3 Be5 42. b4 Ra2 43. Bf6 Bd6 44. Rd1 Bc7 45. Rd7 1-0

[Event "*** Titled Tuesday 3|2 Blitz (Early)"]
[Site "Chess.com"]
[Date "2016.11.01"]
[Round "2"]
[White "HovmoellerHest"]
[Black "chito89"]
[Result "0-1"]
[WhiteElo "2286"]
[BlackElo "2520"]
[TimeControl "180+2"]
[EndTime "11:21:06 PDT"]
[Termination "chito89 won by resignation"]

1. d4 Nf6 2. c4 e6 3. Nc3 Bb4 4. Qc2 d6 5. a3 Bxc3+ 6. Qxc3 O-O 7. Bg5 b6 8. Nf3 Bb7 9. Nd2 Nbd7 10. f3 c5 11. e4 cxd4 12. Qxd4 Qc7 13. Be2 h6 14. Bh4 a5 15. O-O a4 16. Rfd1 g5 17.
Bf2 e5 18. Qc3 Nc5 19. Rac1 Nh5 20. Nf1 Bc8 21. Ne3 Nf4 22. Bf1 Be6 23. Rc2 Nb3 24.
Nd5 Bxd5 25. cxd5 Qxc3 26. Rxc3 Rfc8 27. Bxb6 Rxc3 28. bxc3 Rc8 29. c4 h5 30. Be3 g4 31.
g3 Ng6 32. fxg4 hxg4 33. Be2 Ne7 34. Rb1 Kg7 35. Rb2 Rc7 36. Rc2 f5 37. exf5 Nxf5 38. Bb6 Rb7 39. Bxg4 Nh6 40. c5 dxc5 41. d6 Nxg4 42.
Bc7 Nf6 43. Rc4 Nd7 44. Rxa4 Nd2 45. Kf2 c4 46. Ke2 Rb2 47. Kd1 c3 48. Ra7 Nb3 49.
Ba5 c2+ 0-1

[Event "*** Titled Tuesday 3|2 Blitz (Early)"]
[Site "Chess.com"]
[Date "2016.11.01"]
[Round "2"]
[White "agser"]
[Black "DanielNaroditsky"]
[Result "0-1"]
[WhiteElo "2530"]
[BlackElo "2730"]
[TimeControl "180+2"]
[EndTime "11:21:15 PDT"]
[Termination "DanielNaroditsky won by checkmate"]

1. Nf3 d5 2. g3 g6 3. Bg2 Bg7 4.
d4 Nf6 5. O-O O-O 6. c4 dxc4 7.
Na3 c3 8. bxc3 c5 9. Ne5 Nc6 10. Nac4 Nd5 11. Nxc6 bxc6 12. Bd2 Ba6 13. Ne5 Qd6 14.
Re1 cxd4 15. cxd4 c5 16. e4 Nb6 17. Bf4 cxd4 18. Nxf7 Qa3 19. Ne5 d3 20. Qb3+ Qxb3 21. axb3 Bb7 22. Nxd3 Bxa1 23. Rxa1 Rfc8 24. b4 Rc4 25. Nc5 Bc6 26. Bh3 Rxb4 27. Be6+ Kf8 28. Bh6+ Ke8 29. f3 a5 30. Nd3 Ra4 31. Rc1 Bd7 32. Bg8 Rc8 33. Rb1 Nc4 34. Bg7 Nd2 35.
Rb7 Nxf3+ 36. Kf2 Ng5 37. Ne5 Rc2+ 38. Ke3 Ra3+ 39. Kf4 Nh3# 0-1

[Event "*** Titled Tuesday 3|2 Blitz (Early)"]
[Site "Chess.com"]
[Date "2016.11.01"]
[Round "2"]
[White "KingFlorida"]
[Black "Divertissement"]
[Result "0-1"]
[WhiteElo "2361"]
[BlackElo "2350"]
[TimeControl "180+2"]
[EndTime "11:21:17 PDT"]
[Termination "Divertissement won on time"]

1. Nf3 c5 2. g3 b6 3. Bg2 Bb7 4.
O-O Nf6 5. c4 e6 6. Nc3 Be7 7.
d4 cxd4 8. Qxd4 d6 9. b3 O-O 10.
Bb2 Nbd7 11. Rac1 a6 12. Rfd1 Qc7 13. h3 Rac8 14. Kh2 Qb8 15. Nh4 Bxg2 16. Nxg2 b5 17.
cxb5 axb5 18. Ne3 d5 19. Ncxd5 exd5 20. Nxd5 Rfe8 21. Nxe7+ Rxe7 22. e3 Rce8 23. Qd6 Qa8 24. a4 bxa4 25. bxa4 Qf3 26. Qd2 h5 27. Rf1 h4 28. g4 Ne5 29. Qd1 Nexg4+ 30. hxg4 Nxg4+ 31. Kg1 Qh3 32. Qd6 Re6 33. Qf4 Rg6 34. Rc6 Rxc6 35. Qd4 Rg6 0-1

[Event "*** Titled Tuesday 3|2 Blitz (Early)"]
[Site "Chess.com"]
[Date "2016.11.01"]
[Round "2"]
[White "FairChess_on_YouTube"]
[Black "Blitzstream"]
[Result "1-0"]
[WhiteElo "2715"]
[BlackElo "2539"]
[TimeControl "180+2"]
[EndTime "11:21:26 PDT"]
[Termination "FairChess_on_YouTube won by checkmate"]

1. e4 d5 2. exd5 Qxd5 3. Nf3 Bg4 4. Be2 Nc6 5. Nc3 Qh5 6. d3 e6 7. Bf4 O-O-O 8. h3 Nf6 9. Qd2 Bb4 10. O-O-O Bxf3 11. Bxf3 Qc5 12. a3 Bxa3 13. Bxc6 bxc6 14. Nb1 Bb4 15. c3 Nd5 16. Be3 Nxe3 17. fxe3 Ba5 18. d4 Qg5 19. e4 Qxd2+ 20. Nxd2 Bb6 21. Nc4 c5 22. Ne5 Rhf8 23. Nc6 Rd6 24. d5 exd5 25. exd5 Re8 26. c4 Kb7 27. Rhe1 Rxe1 28. Rxe1 Ka6 29.
Kc2 Rf6 30. Re2 Ba5 31. Kb3 h5 32. Re8 Rf2 33. Re7 Rxg2 34. Rxf7 g5 35. Ka4 Bb6 36. b4 cxb4 37. d6 cxd6 38. Nxb4# 1-0

[Event "*** Titled Tuesday 3|2 Blitz (Early)"]
[Site "Chess.com"]
[Date "2016.11.01"]
[Round "2"]
[White "Andrejkin"]
[Black "Saitama_Hero"]
[Result "1-0"]
[WhiteElo "2165"]
[BlackElo "2101"]
[TimeControl "180+2"]
[EndTime "11:21:28 PDT"]
[Termination "Andrejkin won on time"]

1. e4 c5 2. Nf3 Nc6 3. d4 cxd4 4.
Nxd4 Nf6 5. Nc3 d6 6. f3 Qb6 7.
Nb3 e6 8. Na4 Qc7 9. Nc3 Be7 10.
Be3 O-O 11. Qd2 d5 12. exd5 Nxd5 13. Nxd5 exd5 14. O-O-O Bf5 15. g4 Bg6 16. h4 Nb4 17.
Bf4 Bd6 18. Bxd6 Qxd6 19. Bd3 Nxa2+ 20. Kb1 Bxd3 21. Qxd3 Nb4 22. Qd2 Rfc8 23. Nd4 Nc6 24. Nf5 Qf6 25. Qxd5 g6 26. Nd6 Nb4 27. Qxb7 Rab8 28.
g5 Qf4 29. Qxa7 Rd8 30. Qd4 Qxf3 31. h5 Qc6 32. Rh2 Qa4 33. h6 Qa2+ 34. Kc1 f6 35. Qxf6 Rd7 36. Rd4 Nc6 37. Rf4 Qa1+ 38. Kd2 Qa5+ 39.
Ke2 Qc5 40. Qe6+ Kh8 41. Qxd7 Qe5+ 42. Kd1 1-0

[Event "*** Titled Tuesday 3|2 Blitz (Early)"]
[Site "Chess.com"]
[Date "2016.11.01"]
[Round "2"]
[White "psv98"]
[Black "Smirnov_Pavel"]
[Result "0-1"]
[WhiteElo "2611"]
[BlackElo "2534"]
[TimeControl "180+2"]
[EndTime "11:21:30 PDT"]
[Termination "Smirnov_Pavel won by checkmate"]

1. c4 e6 2. Nc3 d5 3. d4 c6 4. e3 Nf6 5. Bd3 dxc4 6. Bxc4 b5 7. Bd3 Bb7 8. Nge2 a6 9. O-O c5 10. dxc5 Bxc5 11. Qc2 Nbd7 12. Ng3 Rc8 13. Qe2 O-O 14. Rd1 Qe7 15. Nce4 Bb6 16. b3 Rfd8 17. Bb2 Nd5 18. Qh5 f5 19. Ng5 N7f6 20. Qh4 Nc3 21. Nxf5 exf5 22. Bxf5 Rxd1+ 23. Rxd1 Nxd1 24. Bxh7+ Kf8 25. Bg6 Bd5 26. Bxf6 Qxf6 27. Nh7+ Ke7 28. Nxf6 gxf6 29. Qh7+ Kd6 30. h4 Rc1 31. Kh2 Nxf2 32. Kg3 Bxe3 33.
Qh8 Nh1+ 34. Kh2 Bf4+ 35. Kh3 Nf2# 0-1